AoeStats
← afcuellarj

Arena

510734881Analyzed
1v1 RM · 1d ago on Oct 2, 2026· 66m 51s· 2 players
Game mode
Random Map
Map size
Tiny (2 player)
Population
200
Speed
Normal
Resources
Standard
Victory
Conquest
Starting age
Dark Age
Ending age
Imperial Age
RankedLock teamsTeams togetherTeam positionsShared explorationLock speedFull tech treeHidden civsTurbo modeCheats
Victory
Defeat
🇦🇷 Italians · Argentina
856
+13
🇬🇧 Slavs · United Kingdom
794
-13
RightRoundYe
10:22 Feudal Age
15:51 Castle Age
16:00 Double-Bit Axe
16:26 Horse Collar
23:48 Wheelbarrow
23:24 Bow Saw
23:15 Heavy Plow
28:48 Imperial Age
26:37 Hand Cart
26:47 Stone Mining
26:49 Gold Mining
26:52 Town Watch
27:02 Fletching
29:02 Town Patrol
29:05 Loom
29:59 Gold Shaft Mining
29:25 Bodkin Arrow
29:52 Ballistics
30:44 Two-Man Saw
30:23 Crop Rotation
30:47 Scale Barding Armor
31:49 Chain Barding Armor
32:18 Masonry
32:04 Murder Holes
33:10 Chemistry
34:09 Conscription
34:01 Bloodlines
33:52 Husbandry
35:08 Plate Barding Armor
35:24 Forging
35:54 Hoardings
37:16 Padded Archer Armor
36:41 Elite Skirmisher
38:40 Leather Archer Armor
39:01 Iron Casting
40:00 Ring Archer Armor
40:11 Elite Boyar
40:30 Light Cavalry
44:11 Blast Furnace
43:35 Squires
43:17 Hussar
afcuellarj
11:08 Feudal Age
17:24 Castle Age
15:13 Double-Bit Axe
15:25 Gold Mining
15:27 Stone Mining
17:00 Scale Barding Armor
25:11 Wheelbarrow
26:15 Horse Collar
26:27 Town Watch
28:15 Bloodlines
28:57 Stone Shaft Mining
31:18 Imperial Age
30:14 Fervor
30:25 Sanctity
30:22 Husbandry
31:35 Hand Cart
31:34 Forging
31:46 Chain Barding Armor
33:12 Conscription
32:41 Light Cavalry
34:02 Plate Barding Armor
33:18 Fletching
34:02 Hussar
35:10 Heavy Plow
35:36 Ballistics
38:32 Chemistry
37:30 Bodkin Arrow
37:35 Padded Archer Armor
38:11 Iron Casting
38:23 Bow Saw
38:18 Elite Genoese Crossbowman
39:55 Bracer
40:10 Leather Archer Armor
43:57 Blast Furnace
43:28 Ring Archer Armor
44:09 Crop Rotation
Connection lost

Rejoining the realm…

Still unreachable

The connection could not be restored.

Session expired

The server has moved on; the page needs a fresh start.